 Dungeon Crawl Stone Soup version 0.27.1-3-gb3d3a73c9e (webtiles) character file.

Game seed: 2814159194821033269

242 Cykl0x the Shield-Bearer (level 6, 0/38 HPs)
             Began as a Gargoyle Fighter on Oct 28, 2021.
             Slain by an orc (3 damage)
             ... on level 3 of the Dungeon.
             The game lasted 00:04:53 (3284 turns).

Cykl0x the Shield-Bearer (Gargoyle Fighter)         Turns: 3284, Time: 00:04:53

Health: 0/38       AC: 12    Str: 22    XL:     6   Next: 9%
Magic:  6/6        EV:  8    Int:  8    God:
Gold:   99         SH:  9    Dex:  9    Spells: 5/5 levels left

rFire    . . .     SeeInvis .   a - +0 long sword
rCold    . . .     Faith    .   c - +0 kite shield
rNeg     + . .     Spirit   .   b - +0 scale mail
rPois    ∞         Reflect  .   (no helmet)
rElec    +         Harm     .   n - +0 cloak
rCorr    .         Rampage  .   (no gloves)
Will     .....                  (no boots)
Stlth    ..........             (no amulet)
HPRegen  0.12/turn              (no ring)
MPRegen  0.10/turn              (no ring)

@: no status effects
A: sickness immunity, AC +4, negative energy resistance 1, electricity
resistance, torment resistance 1, petrification resistance
a: no special abilities


You were on level 3 of the Dungeon.
You visited 1 branch of the dungeon, and saw 3 of its levels.

You collected 99 gold pieces.

Inventory:

Hand Weapons
 a - a +0 long sword (weapon)
 f - a +0 short sword
 k - a +2 dagger of speed
Missiles
 e - 122 stones
 j - 6 poisoned darts
 m - 9 boomerangs (quivered)
Armour
 b - a +0 scale mail (worn)
 c - a +0 kite shield (worn)
 n - a +0 cloak (worn)
Potions
 d - 2 potions of might
 g - a potion of curing {unknown}
 h - a potion of flight
 i - 2 potions of heal wounds
 l - a potion of haste


   Skills:
 + Level 4.0 Fighting
 + Level 3.3 Long Blades
 + Level 1.5 Throwing
 + Level 4.0 Armour
 + Level 1.0 Dodging
 + Level 4.4 Shields


You had 5 spell levels left.
You didn't know any spells.
Your spell library contained the following spells:

 Spells                   Type           Power      Damage    Failure   Level
 Ensorcelled Hibernation  Hex/Ice        0%         N/A       100%        2
 Ignite Poison            Fire/Tmut/Pois 0%         N/A       100%        3
 Inner Flame              Hex/Fire       0%         N/A       100%        3
 Mephitic Cloud           Conj/Pois/Air  0%         N/A       100%        3
 Portal Projectile        Hex/Tloc       0%         N/A       100%        3
 Fulminant Prism          Conj/Hex       0%         3d6       100%        4
 Bolt of Magma            Conj/Fire/Erth 0%         4d4       100%        5


Dungeon Overview and Level Annotations

Branches:
Dungeon (3/15)

Altars:
Sif Muna


Innate Abilities, Weirdness & Mutations

You are immune to sickness and miasma.
Your stone body is resilient. (AC +4)
You are immune to poison.
You resist negative energy. (rN+)
You are resistant to electric shocks. (rElec)
You are resistant to unholy torment.
You are immune to petrification.


Message History

Your shield and scale mail prevent you from hitting the orc.
The orc is heavily wounded.
The orc hits you but does no damage.
The orc priest miscasts a cantrip.
You closely miss the orc.
The orc is heavily wounded.
The orc closely misses you.
The orc priest invokes the aid of Beogh against you.
Beogh smites you! The orc hits you but does no damage.
A worm comes into view.
You are too injured to fight recklessly!
You are too injured to fight recklessly!
You are too injured to fight recklessly!
You are too injured to fight recklessly!
You are too injured to fight recklessly!
You are too injured to fight recklessly!
You are too injured to fight recklessly!
You are too injured to fight recklessly!
You are too injured to fight recklessly!
You are too injured to fight recklessly!
You are too injured to fight recklessly!
You are too injured to fight recklessly!
You are too injured to fight recklessly!
You are too injured to fight recklessly!
You are too injured to fight recklessly!
You are too injured to fight recklessly!
You are too injured to fight recklessly!
You are too injured to fight recklessly!
Unknown command.
You aren't carrying any scrolls.
Your scale mail prevents you from hitting the orc.
The orc is heavily wounded.
You block the orc's attack.
The orc priest invokes the aid of Beogh against you.
Beogh smites you!
* * * LOW HITPOINT WARNING * * *
You barely miss the orc.
The orc is heavily wounded.
The orc hits you with a +0 club.
You die...

.....###...###
.........###
....<#...###
....####...#
....# ###.#
...## #.##
..## #..######
#.# ##......#
#.# ######@##
#.# ######o.#
#.# #.o..o..#
#.#
#.w.#######
#.# # #.# #.#


You could see an orc priest and an orc.

Vanquished Creatures
  Crazy Yiuf (D:2)
  A hound zombie (D:3)
  4 gnolls
  4 adders (D:2)
  3 worms (D:2)
  6 dart slugs
  7 orcs
  5 ball pythons
  6 bats
  7 endoplasms
  5 giant cockroaches
  10 goblins
  4 hobgoblins
  14 jackals
  A quokka (D:2)
  A frilled lizard (D:1)
  5 kobolds
  6 rats
90 creatures vanquished.

Vanquished Creatures (others)
  6 plants (D:2)
6 creatures vanquished.

Grand Total: 96 creatures vanquished

Notes
Turn   | Place    | Note
-------+----------+-------------------------------------------
     0 | D:1      | Cykl0x the Gargoyle Fighter began the quest for the Orb.
     0 | D:1      | Reached XP level 1. HP: 14/14 MP: 1/1
   104 | D:1      | Reached XP level 2. HP: 6/19 MP: 2/2
   674 | D:1      | Reached XP level 3. HP: 22/23 MP: 3/3
   876 | D:1      | Got the Disquisition on Hexes
  1397 | D:1      | Reached XP level 4. HP: 29/29 MP: 4/4
  1500 | D:1      | Found a faded altar of an unknown god.
  2382 | D:2      | Found a shimmering blue altar of Sif Muna.
  2651 | D:2      | Reached XP level 5. HP: 33/33 MP: 5/5
  2668 | D:2      | Reached skill level 1 in Throwing
  2714 | D:2      | Found a runed translucent door.
  2715 | D:2      | Noticed Crazy Yiuf
  2724 | D:2      | Killed Crazy Yiuf
  2725 | D:2      | Reached skill level 1 in Dodging
  3116 | D:3      | Reached XP level 6. HP: 36/38 MP: 6/6
  3284 | D:3      | Slain by an orc

Illustrated notes

Levels and vault maps discovered:
D:1:      minmay_arrival_shattered_statue, layout_basic,
          shapermc_ecumenical_altar_mp_urbaneastern
D:2:      cheibrodos_old_hovel, layout_basic, basic_altar, minmay_statues_item,
          kennysheep_generic_room_14, uniq_crazy_yiuf_cottage
D:3:      layout_rooms, minmay_misc_feat_square

Skill      XL: |  1  2  3  4  5 |
---------------+----------------+-----
Long Blades    | 2 3 |  3.3
Shields        | 4 |  4.4
Throwing       | 1 |  1.5
Fighting       | 4 |  4.0
Dodging        | 1 |  1.0
Armour         | 4 |  4.0

Action                   |  1- 3 |  4- 6 || total
-------------------------+-------+-------++-------
Melee: Long sword        |   109 |   171 ||   280
Throw: Stone             |    23 |    36 ||    59
       Boomerang         |       |    29 ||    29
       Dart              |       |     4 ||     4
  Use: Scroll            |     1 |     3 ||     4
Armor: Scale mail        |    50 |   102 ||   152
Dodge: Dodged            |    43 |    49 ||    92
Block: Kite shield       |    63 |   104 ||   167
       Rpst.: Long sword |     8 |    17 ||    25
